 Dungeon Crawl Stone Soup version 0.31-a0-851-g7ff8af7976 (webtiles) character file.

Game seed: 8992854340021980990

4 Nedwor the Cutter (level 1, -1/16 HPs)
             Began as a Demonspawn Gladiator on Oct 7, 2023.
             Killed from afar by a dart slug (5 damage)
             ... with a slug dart
             ... on level 1 of the Dungeon.
             The game lasted 00:00:59 (57 turns).

Nedwor the Cutter (Demonspawn Gladiator)              Turns: 57, Time: 00:00:59

Health: -1/16      AC:  4    Str: 14    XL:     1   Next: 50%
Magic:  1/1        EV: 12    Int:  9    God:
Gold:   0          SH:  0    Dex: 14    Spells: 0/0 levels left

rFire   . . .        a - +0 rapier
rCold   . . .        (no shield)
rNeg    . . .        b - +0 leather armour
rPois   .            c - +0 helmet
rElec   .            (no cloak)
rCorr   .            (no gloves)
SInv    .            (no boots)
Will    .....        (no amulet)
Stlth   +            (no ring)
HPRegen 0.22/turn    (no ring)
MPRegen 0.07/turn

%: no passive effects
@: no status effects
A: no striking features
a: no special abilities


You were on level 1 of the Dungeon.
You visited 1 branch of the dungeon, and saw 1 of its levels.

Inventory:

Hand Weapons
 a - a +0 rapier (weapon)
Missiles
 d - 3 throwing nets (quivered)
 e - a javelin
Armour
 b - a +0 leather armour (worn)
 c - a +0 helmet (worn)


   Skills:
 + Level 2.0 Fighting
 * Level 2.8 Short Blades
 - Level 1.7 Throwing
 + Level 0.2 Armour
 + Level 2.7 Dodging


You couldn't memorise any spells.
You didn't know any spells.
Your spell library was empty.

Dungeon Overview and Level Annotations

Branches:
Dungeon (1/15)

Altars:


Message History

You are too injured to fight recklessly!
Unknown command.
You are too injured to fight recklessly!
Unknown command.
You are too injured to fight recklessly!
You barely miss the hobgoblin.
The hobgoblin is moderately wounded.
The hobgoblin barely misses you.
You hit the hobgoblin.
The hobgoblin is almost dead.
The hobgoblin completely misses you.
You barely miss the hobgoblin.
The hobgoblin is almost dead.
The hobgoblin barely misses you.
You barely miss the hobgoblin.
The hobgoblin is almost dead.
The hobgoblin closely misses you.
The endoplasm hits you but does no damage.
You hit the endoplasm but do no damage. The endoplasm freezes you.
You are frozen.
* * * LOW HITPOINT WARNING * * *
The hobgoblin misses you.
Unknown command.
You hit the endoplasm.
The endoplasm is heavily wounded.
The endoplasm barely misses you. The hobgoblin closely misses you.
You hit the endoplasm.
You kill the endoplasm!
A bat comes into view.
The hobgoblin completely misses you. The hobgoblin barely misses you.
You hit the dart slug.
The dart slug is heavily wounded.
The hobgoblin hits you.
* * * LOW HITPOINT WARNING * * *
You hit the hobgoblin.
You kill the hobgoblin!
The dart slug launches a dart at you. The slug dart hits you.
You die...

.# ... ######
#...### ##≈##≈##
..#.... ##≈P≈≈P≈##
.....bw##≈P8PP8P≈#
#)@##.P..P≈####
##......<.....#
#.##.P..♣≈##.#
###≈P8P♣8♣≈#.#
###≈P≈≈♣≈##.#
#.##≈##≈##..#
#..######...#
##..........#
#..........#


You could see a dart slug and a bat.

Vanquished Creatures
  A ball python (D:1)
  An endoplasm (D:1)
  A hobgoblin (D:1)
  A frilled lizard (D:1)
  A goblin (D:1)
5 creatures vanquished.

Notes
Turn   | Place    | Note
-------+----------+-------------------------------------------
     0 | D:1      | Nedwor the Demonspawn Gladiator began the quest for the
                  | Orb.
     0 | D:1      | Reached XP level 1. HP: 16/16 MP: 1/1
    57 | D:1      | Killed from afar by a dart slug

Illustrated notes

Levels and vault maps discovered:
D:1:      ldierk_walled_garden_2, layout_rooms

Action                     || total
---------------------------++-------
  Melee: Rapier            ||    19
 Armour: Leather armour    ||    10
  Dodge: Dodged            ||    15

Table legend: (Time is in decaauts)
 A = Elapsed time spent in this place.
 B = Non-inter-level travel time spent in this place.
 C = Inter-level travel time spent in this place.
 D = Time resting spent in this place.
 E = Time spent auto-exploring this place.
 F = Levels seen in this place.
 G = Mean time per level.
                   A        B        C        D        E       F      G
               +--------+--------+--------+--------+--------+-----+--------+
         Total |     58 |     58 |      0 |      0 |     35 |   1 |   58.0 |
       Dungeon |     58 |     58 |      0 |      0 |     35 |   1 |   58.0 |
               +--------+--------+--------+--------+--------+-----+--------+

Top non-repeatable levels by time:
     D:1: 58 daAuts
